AoeStats
← 超自然震動

MegaRandom

508607644Analyzed
4v4 RM · 10d ago on Sep 23, 2026· 42m 28s· 8 players
Game mode
Random Map
Map size
Large (8 player)
Population
200
Speed
Normal
Resources
Standard
Victory
Conquest
Starting age
Dark Age
Ending age
Imperial Age
RankedLock teamsTeams togetherTeam positionsShared explorationLock speedFull tech treeHidden civsTurbo modeCheats
Victory
Defeat
🇨🇳 Saxons · China
1151
+12
🇹🇼 Varangians · Taiwan
976
+20
🇨🇳 Franks · China
966
+20
🇨🇳 Britons · China
849
+24
🇮🇹 Poles · Italy
1126
-22
🇮🇹 Varangians · Italy
1123
-22
🇳🇿 Saxons · New Zealand
1034
-18
🇦🇺 Italians · Australia
937
-14
lunb829195
5:59 Loom
19:38 Feudal Age
22:49 Double-Bit Axe
25:34 Castle Age
26:15 Scale Barding Armor
26:03 Fletching
26:39 Husbandry
28:39 Wheelbarrow
27:51 Town Watch
31:31 Scale Barding Armor
39:49 Imperial Age
39:07 Hand Cart
叽里咕噜说啥呢
12:42 Loom
14:58 Feudal Age
18:02 Man-at-Arms
24:48 Castle Age
23:05 Double-Bit Axe
23:05 Horse Collar
24:24 Scale Mail Armor
24:33 Fletching
25:21 Gambesons
25:37 Squires
26:53 Chain Mail Armor
27:28 Forging
30:24 Wheelbarrow
30:08 Bow Saw
30:00 Heavy Plow
35:35 Imperial Age
33:11 Gambesons
33:27 Squires
38:50 Plate Mail Armor
39:20 Conscription
41:07 Hand Cart
超自然震動
13:03 Loom
18:17 Feudal Age
22:20 Castle Age
20:04 Horse Collar
21:17 Bloodlines
21:06 Double-Bit Axe
23:48 Gold Mining
24:24 Husbandry
25:48 Scale Barding Armor
25:54 Forging
26:15 Town Watch
30:03 Fletching
30:14 Padded Archer Armor
31:59 Bodkin Arrow
35:14 Leather Archer Armor
36:16 Heavy Plow
39:25 Ballistics
38:45 Treadmill Crane
40:23 Wheelbarrow
43:25 Imperial Age
42:51 Chain Barding Armor
NeeoNone
6:21 Loom
19:18 Feudal Age
20:39 Wheelbarrow
19:49 Town Watch
26:50 Fletching
38:47 Double-Bit Axe
Napopappone
7:28 Loom
15:02 Feudal Age
17:31 Forging
19:58 Bloodlines
20:19 Double-Bit Axe
27:19 Castle Age
25:42 Horse Collar
26:17 Scale Mail Armor
28:12 Bow Saw
33:36 Chain Mail Armor
34:02 Squires
33:48 Gambesons
37:19 Fletching
37:30 Padded Archer Armor
37:56 Bodkin Arrow
38:01 Elite Skirmisher
LolloLove91
3:34 Loom
16:50 Feudal Age
28:15 Castle Age
26:44 Scale Barding Armor
29:30 Wheelbarrow
29:36 Chain Barding Armor
38:13 Horse Collar
38:28 Double-Bit Axe
Angry Womble
15:33 Feudal Age
16:22 Man-at-Arms
21:22 Castle Age
22:57 Long Swordsman
25:40 Gold Mining
26:12 Pikeman
36:13 Fletching
39:51 Horse Collar
41:52 Double-Bit Axe
Maca
17:03 Feudal Age
18:26 Man-at-Arms
21:42 Arson
24:42 Forging
29:46 Castle Age
28:31 Scale Mail Armor
30:56 Double-Bit Axe
30:56 Pikeman
33:33 Loom
33:34 Town Watch
35:43 Gambesons
35:59 Squires
37:00 Wheelbarrow
40:34 Long Swordsman
Connection lost

Rejoining the realm…

Still unreachable

The connection could not be restored.

Session expired

The server has moved on; the page needs a fresh start.